 Dungeon Crawl Stone Soup version 0.22.1-2-g9c5b331 (webtiles) character file.

246 magicm the Bolt Thrower (level 6, -9/47 HPs)
             Began as a Human Hunter on Nov 15, 2018.
             Killed by nerve-wracking pain
             ... invoked by Grinder
              (14 damage)
             ... on level 3 of the Dungeon.
             The game lasted 00:07:59 (2141 turns).

magicm the Bolt Thrower (Human Hunter)              Turns: 2141, Time: 00:08:00

Health: -9/47      AC:  4    Str: 13    XL:     6   Next: 33%
Magic:  6/6        EV: 12    Int: 13    God:
Gold:   137        SH:  0    Dex: 13    Spells: 5/5 levels left

rFire    . . .     SeeInvis .   a - +2 hand crossbow
rCold    . . .     Gourm    .   (no shield)
rNeg     . . .     Faith    .   c - +1 leather armour
rPois    .         Spirit   .   (no helmet)
rElec    .         Reflect  .   (no cloak)
rCorr    .         Harm     .   (no gloves)
MR       +....                  (no boots)
Stlth    +.........             (no amulet)
HPRegen  0.15/turn              i - ring of protection from magic
MPRegen  0.10/turn              (no ring)

@: drained
A: no striking features
a: no special abilities


You were on level 3 of the Dungeon.
You were not hungry.

You visited 1 branch of the dungeon, and saw 3 of its levels.

You collected 137 gold pieces.

Inventory:

Hand Weapons
 a - a +2 hand crossbow (weapon)
 b - a +0 short sword
 e - a +0 mace of holy wrath
 j - a +1 mace of protection
 o - a cursed -2 mace
Missiles
 d - 13 bolts (quivered)
Armour
 c - a +1 leather armour (worn)
 p - a +1 cloak
Jewellery
 i - a ring of protection from magic (left hand)
Scrolls
 l - a scroll of teleportation
 n - a scroll of fog
Potions
 g - 2 potions of brilliance
 h - a potion of berserk rage
 k - a potion of might
 m - 2 potions of flight
 q - a potion of mutation {unknown}
 r - a potion of agility {unknown}
Comestibles
 f - 3 rations


   Skills:
 + Level 3.0(2.9) Fighting
 + Level 0.4(0.3) Short Blades
 + Level 6.1(6.0) Crossbows
 + Level 1.7(1.6) Armour
 + Level 2.4(2.3) Dodging
 + Level 1.1(1.0) Stealth


You had 5 spell levels left.
You didn't know any spells.
Your spell library was empty.

Dungeon Overview and Level Annotations

Branches:
Dungeon (3/15)

Altars:

Annotations:
D:3 Grinder


Message History

* * * LOW HITPOINT WARNING * * *
You writhe in agony.
* * * LOW HITPOINT WARNING * * *
You barely miss Grinder.
Grinder is severely wounded.
Grinder blinks!
Wield which item (- for none, * to show all)? (? for menu, Esc to quit)
a - a +2 hand crossbow (weapon)
Firing (i - inventory)
d - 15 bolts (quivered)
Press: ? - help, Shift-Dir - straight line, f/p - Grinder
Aim: Grinder (severely wounded)
You shoot a bolt. The bolt completely misses Grinder.
Grinder blinks!
Firing (i - inventory)
d - 14 bolts (quivered)
Press: ? - help, Shift-Dir - straight line, f/p - Grinder
Aim: Grinder (severely wounded)
You shoot a bolt. The bolt hits Grinder!
Grinder is almost dead.
Grinder gestures at you. Pain shoots through your body!
You die...

#.# ### .##+#.#.. #
#.# +.....#.#.# #.#
#.....#.#. #.#
#(....... #.#
##+....##.# #.#
#.((...##.# ##.##
...##......######...#
#((((.@.5..§.......#
#(##.###########.###
(. #..........# #.#
#.##..###### #
#.##..# #.##..#
#.##..# #†#...#
#.#..#####


You could see Grinder.

Vanquished Creatures
  Sigmund (D:2)
  Crazy Yiuf (D:2)
  A worm (D:2)
  2 dart slugs (D:2)
  A ball python (D:2)
  4 giant cockroaches
  5 goblins
  6 hobgoblins
  A quokka (D:2)
  8 bats
  3 frilled lizards
  4 kobolds (D:1)
  6 rats
43 creatures vanquished.

Notes
Turn   | Place    | Note
-------+----------+-------------------------------------------
     0 | D:1      | magicm the Human Hunter began the quest for the Orb.
     0 | D:1      | Reached XP level 1. HP: 16/16 MP: 1/1
   173 | D:1      | Reached XP level 2. HP: 22/22 MP: 2/2
   724 | D:1      | Reached XP level 3. HP: 27/27 MP: 3/3
   770 | D:2      | Noticed Sigmund
   776 | D:2      | Killed Sigmund
   776 | D:2      | Reached skill level 5 in Crossbows
   776 | D:2      | Reached skill level 1 in Armour
   776 | D:2      | Reached XP level 4. HP: 20/34 MP: 4/4
   776 | D:2      | Reached XP level 5. HP: 23/39 MP: 5/5
   776 | D:2      | Reached XP level 6. HP: 27/46 MP: 6/6
  1085 | D:2      | Reached skill level 6 in Crossbows
  1568 | D:2      | Found a runed door.
  1573 | D:2      | Noticed Crazy Yiuf
  1576 | D:2      | Paralysed by Crazy Yiuf for 6 turns
  1588 | D:2      | Killed Crazy Yiuf
  2097 | D:3      | Noticed Grinder
  2100 | D:3      | Paralysed by Grinder for 7 turns
  2121 | D:3      | Paralysed by Grinder for 7 turns
  2141 | D:3      | Killed from afar by Grinder

Skill      XL: |  1  2  3  4  5  6 |
---------------+-------------------+-----
Crossbows      | 5 6 |  6.1
Armour         | 1 |  1.7
Fighting       | 3 |  3.0
Short Blades   | |  0.4
Dodging        | |  2.4
Stealth        | |  1.1

Action                   |  1- 3 |  4- 6 || total
-------------------------+-------+-------++-------
Melee: Short sword       |    19 |    21 ||    40
 Fire: Hand crossbow     |    53 |    44 ||    97
  Use: Scroll            |     3 |     9 ||    12
       Potion            |       |     1 ||     1
  Eat: Ration            |       |     1 ||     1
Armor: Leather armour    |     6 |     3 ||     9
Dodge: Dodged            |    15 |     7 ||    22
